 Dungeon Crawl Stone Soup version 0.19-a0-1568-gdd01aac (webtiles) character file.

128 Vasilisck the Skirmisher (level 4, 0/37 HPs)
             Began as a Demonspawn Fighter on Sept 15, 2016.
             Slain by Ishikai's ghost (10 damage)
             ... on level 3 of the Dungeon.
             The game lasted 00:06:30 (2046 turns).

Vasilisck the Skirmisher (Demonspawn Fighter)       Turns: 2046, Time: 00:06:31

Health: 0/37       AC:  8    Str: 17    XL:     4   Next: 87%
Magic:  4/4        EV:  7    Int: 11    God:
Gold:   80         SH:  9    Dex: 13    Spells: 0 memorised, 3 levels left

rFire  . . .     SeeInvis .     a - +0 war axe
rCold  . . .     Gourm    .     b - +0 scale mail
rNeg   . . .     Faith    .     c - +0 shield
rPois  .         Spirit   .     (no helmet)
rElec  .         Dismiss  .     (no cloak)
rCorr  .         Reflect  .     u - +0 pair of gloves
MR     .....     Harm     .     (no boots)
Stlth  ..........               (no amulet)
                                (no ring)
                                s - +2 ring of intelligence

@: very slightly contaminated, hasted, very quick
A: talons 2
a: no special abilities


You were on level 3 of the Dungeon.
You were not hungry.

You visited 1 branch of the dungeon, and saw 3 of its levels.

You collected 80 gold pieces.

Inventory:

Hand Weapons
 a - a +0 war axe (weapon)
Armour
 b - a +0 scale mail (worn)
 c - a +0 shield (worn)
 e - a +0 pair of boots
 u - a +0 pair of gloves (worn)
Jewellery
 s - a +2 ring of intelligence (left hand)
Wands
 p - a wand of teleportation (2/9)
Scrolls
 h - a scroll of immolation {unknown}
 i - a scroll of amnesia {unknown}
 j - a scroll of enchant weapon {unknown}
 k - 2 scrolls of recharging {unknown}
 m - a scroll of teleportation {unknown}
 n - a scroll of random uselessness {unknown}
 q - 2 scrolls of identify {unknown}
 w - a scroll of magic mapping {unknown}
Potions
 d - a potion of flight
 l - a potion of heal wounds
 o - a potion of berserk rage {unknown}
 t - a potion of lignification {unknown}
Comestibles
 f - 3 chunks of flesh
 r - 2 beef jerkies
 v - a slice of pizza


   Skills:
 + Level 4.0 Fighting
 + Level 2.6 Axes
 + Level 3.4 Armour
 + Level 3.3 Shields


You had 3 spell levels left.
You didn't know any spells.

Dungeon Overview and Level Annotations

Branches:
Dungeon (3/15)

Altars:
Dithmenos

Annotations:
D:3 Ishikai's ghost, amateur TrCK


Innate Abilities, Weirdness & Mutations

You have razor-sharp toenails.


Message History

Your scale mail prevents you from hitting Ishikai's ghost.
Ishikai's ghost is heavily damaged.
Ishikai's ghost hits you!
Your shield prevents you from hitting Ishikai's ghost.
You claw Ishikai's ghost, but do no damage.
Ishikai's ghost is heavily damaged.
Ishikai's ghost hits you.
You slash Ishikai's ghost!
You claw Ishikai's ghost, but do no damage.
Ishikai's ghost is severely damaged.
Ishikai's ghost hits you.
You hit Ishikai's ghost.
Ishikai's ghost is severely damaged.
Ishikai's ghost hits you.
* * * LOW HITPOINT WARNING * * *
You closely miss Ishikai's ghost.
You claw Ishikai's ghost, but do no damage.
Ishikai's ghost is severely damaged.
Ishikai's ghost hits you!
You die...

..............
##.............
.....).........
####.............
................
#..............
####......W)......
...........@..>....
#.................!.....
#.......................
#............%†.........
#.......................
#.......................
+.......................
#.......................
#......................


You could see Ishikai's ghost.

Vanquished Creatures
  Ijyb (D:2)
  Terence (D:2)
  3 adders (D:2)
  4 worms (D:2)
  2 leopard geckos (D:1)
  3 giant cockroaches (D:2)
  3 goblins
  4 hobgoblins
  2 jackals (D:1)
  5 kobolds
  7 bats
  A frilled lizard (D:2)
  5 rats
41 creatures vanquished.

Notes
Turn   | Place    | Note
-------+----------+-------------------------------------------
     0 | D:1      | Vasilisck the Demonspawn Fighter began the quest for the Orb.
     0 | D:1      | Reached XP level 1. HP: 18/18 MP: 1/1
    98 | D:1      | Gained mutation: You have sharp toenails. [demonic ancestry]
    98 | D:1      | Reached XP level 2. HP: 23/24 MP: 2/2
   544 | D:2      | Reached XP level 3. HP: 24/29 MP: 3/3
   629 | D:2      | Noticed Terence
   639 | D:2      | Killed Terence
   856 | D:2      | Gained mutation: You have razor-sharp toenails. [demonic ancestry]
   856 | D:2      | Reached XP level 4. HP: 11/37 MP: 4/4
  1195 | D:2      | Found a shadowy altar of Dithmenos.
  1821 | D:2      | Noticed Ijyb
  1839 | D:2      | Killed Ijyb
  1839 | D:2      | Reached skill level 4 in Fighting
  2030 | D:3      | Noticed Ishikai's ghost (amateur TrCK)
  2046 | D:3      | Slain by Ishikai's ghost

Vault maps used:
D:1:      dpeg_arrival_short_road
D:2:      grunt_dithmenos_smoke_and_mirrors, kennysheep_potato, uniq_iyjb,
          uniq_terence
D:3:      nicolae_ru_great_annihilating_truth

Skill      XL: |  1  2  3  4 |
---------------+-------------+-----
Axes           | 2 |  2.6
Armour         | 3 |  3.4
Shields        | 3 |  3.3
Fighting       | 4 |  4.0

Action                   |  1- 3 |  4- 6 || total
-------------------------+-------+-------++-------
Melee: War axe           |   101 |   106 ||   207
       Kick              |       |    33 ||    33
  Use: Potion            |     6 |     2 ||     8
  Eat: Bread ration      |       |     1 ||     1
Armor: Scale mail        |    75 |    50 ||   125
Dodge: Dodged            |    27 |    17 ||    44
Block: Shield            |    64 |    45 ||   109
